 Dungeon Crawl Stone Soup version 0.30-a0-989-g0d87f670db (webtiles) character file.

Game seed: 4539531900272421375

39 DeathPants the Slasher (level 3, -1/20 HPs)
             Began as a Vine Stalker Monk on Apr 3, 2023.
             Succumbed to Sigmund's poison
             ... on level 2 of the Dungeon.
             The game lasted 00:04:00 (1152 turns).

DeathPants the Slasher (Vine Stalker Monk)          Turns: 1152, Time: 00:04:00

Health: -1/20      AC:  4    Str: 13    XL:     3   Next: 47%
Magic:  5/5        EV: 12    Int: 12    God:
Gold:   84         SH:  0    Dex: 16    Spells: 4/4 levels left

rFire   . . .      SeeInvis .    a - +0 falchion
rCold   . . .      Faith    .    (no shield)
rNeg    . . .      Spirit   +    b - +0 leather armour
rPois   .          Reflect  .    (no helmet)
rElec   .          Rampage  .    (no cloak)
rCorr   .                        g - +0 pair of gloves
Will    .....                    (no boots)
Stlth   +                        (no amulet)
HPRegen 0.23/turn                (no ring)
MPRegen 0.09/turn                (no ring)

@: confused, lethally poisoned (-1 -> -15), ambrosia-drunk
A: fangs 2, magic shield, antimagic bite, no potion heal 2
a: no special abilities


You were on level 2 of the Dungeon.
You visited 1 branch of the dungeon, and saw 3 of its levels.

You collected 84 gold pieces.

Inventory:

Hand Weapons
 a - a +0 falchion (weapon)
Armour
 b - a +0 leather armour (worn)
 g - a +0 pair of gloves (worn)
Scrolls
 j - a scroll of teleportation


   Skills:
 + Level 3.0 Fighting
 * Level 3.3 Long Blades
 + Level 2.6 Dodging
 - Level 2.4 Stealth
 + Level 1.0 Spellcasting


You had 4 spell levels left.
You didn't know any spells.
Your spell library contained the following spells:

 Spells                   Type           Power      Damage    Failure   Level
 Cigotuvi's Dreadful Rot  Necr/Pois/Air  0%         N/A       50%         2
 Poisonous Vapours        Pois/Air       0%         N/A       50%         2
 Mephitic Cloud           Conj/Pois/Air  0%         N/A       75%         3


Dungeon Overview and Level Annotations

Branches:
Dungeon (3/15)

Altars:

Annotations:
D:2 Natasha, Sigmund


Innate Abilities, Weirdness & Mutations

You have extremely sharp teeth.
When hurt, damage is shared between your health and your magic reserves.
Your bite disrupts and absorbs the magic of your enemies.
Potions cannot restore your health.


Message History

Sigmund the Dreaded comes into view.
He is wielding a +2 scythe of venom and wearing a +2 robe of positive energy.
Found a hand axe.
Sigmund shouts!
Okay, then.
Okay, then.
You aren't carrying any items that you can evoke.
You have nothing you can fire or use right now.
As you read the scroll labelled TEINKE YGEGU, it crumbles to dust.
It is a scroll of identify.
f - a potion of resistance
As you read the scroll labelled PUKLELL KUGOYKK, it crumbles to dust.
It is a scroll of amnesia.
You feel forgetful for a moment.
It was a potion of curing.
That felt strangely inert.
Sigmund hits you but does no damage.
You are poisoned.
You feel protected.
You feel very sick. Sigmund gestures at you while chanting.
The magic dart hits you.
It was a potion of cancellation.
Your magical effects are unravelling.
You feel magically purged.
Your resistance to elements expires.
You feel sick. Sigmund hits you but does no damage.
You are lethally poisoned!
You are confused.
Your system rejects the healing.
You feel invigorated.
You feel very sick.
You feel very sick.
You're too confused to move!
* * * LOW HITPOINT WARNING * * *
You feel sick. Sigmund hits you but does no damage.
You are more poisoned.
You bump into the rock wall.
* * * LOW HITPOINT WARNING * * *
You feel very sick. Sigmund barely misses you.
You're too confused to move!
You die...

#......#.##.##.#
..
###..#.#.......#
###
#......##.####
....#.#.......#
#####.#.......#
# #.......#
#.......# #
#..†....# #.#
#......@# ..
#.......####.#
######..@....#
#.####..# #.#
..# #.# )## #.#
@# ... .# ### ##


You could see Sigmund.

Vanquished Creatures
  A worm (D:2)
  5 giant cockroaches
  5 goblins (D:1)
  3 hobgoblins (D:1)
  4 quokkas (D:1)
  5 ball pythons
  4 bats
  3 frilled lizards
  3 kobolds
  A rat (D:1)
34 creatures vanquished.

Notes
Turn   | Place    | Note
-------+----------+-------------------------------------------
     0 | D:1      | DeathPants the Vine Stalker Monk began the quest for the
                  | Orb.
     0 | D:1      | Reached XP level 1. HP: 11/11 MP: 2/2
   275 | D:1      | Reached XP level 2. HP: 15/16 MP: 3/3
   521 | D:2      | Noticed Natasha
   905 | D:1      | Reached XP level 3. HP: 18/19 MP: 3/5
   946 | D:2      | Reached skill level 1 in Spellcasting
  1139 | D:2      | Noticed Sigmund
  1151 | D:2      | HP: 1/20 [poisoned by Sigmund]
  1152 | D:2      | Succumbed to Sigmund's poison

Illustrated notes

Levels and vault maps discovered:
D:1:      dpeg_arrival_tiny_a, layout_basic, amcnicky_mini_rare_corridor_liquid
D:2:      layout_loops_cross, basic_altar, minmay_worlds_worst_comb,
          uniq_natasha, uniq_sigmund
D:3:      layout_loops_ring, chequers_big_river, minmay_misc_feat_pillars

Skill      XL: |  1  2  3 |
---------------+----------+-----
Long Blades    | 3 |  3.3
Spellcasting   | 1 |  1.0
Fighting       | 3 |  3.0
Dodging        | |  2.6
Stealth        | |  2.4

Action                     || total
---------------------------++-------
  Melee: Falchion          ||    97
         Bite              ||    22
         Punch             ||     2
    Use: Scroll            ||     4
         Potion            ||     4
   Stab: Sleeping          ||     2
 Armour: Ring mail         ||     4
         Robe              ||     3
         Leather armour    ||    31
  Dodge: Dodged            ||    72

Table legend: (Time is in decaauts)
 A = Elapsed time spent in this place.
 B = Non-inter-level travel time spent in this place.
 C = Inter-level travel time spent in this place.
 D = Time resting spent in this place.
 E = Time spent auto-exploring this place.
 F = Levels seen in this place.
 G = Mean time per level.
                   A        B        C        D        E       F      G
               +--------+--------+--------+--------+--------+-----+--------+
         Total |   1170 |   1155 |     15 |     43 |    657 |   3 |  390.0 |
       Dungeon |   1170 |   1155 |     15 |     43 |    657 |   3 |  390.0 |
               +--------+--------+--------+--------+--------+-----+--------+

Top non-repeatable levels by time:
     D:1: 970 daAuts
     D:2: 196 daAuts
     D:3: 3 daAuts
